 Dungeon Crawl Stone Soup version 0.26-a0-1021-gda264ca44c (webtiles) character file.

Game seed: 4482043545641150798

1108 xzight the Chopper (level 8, -2/70 HPs)
             Began as a Minotaur Fighter on Dec 8, 2020.
             Was an Initiate of Makhleb.
             Slain by a hornet zombie (10 damage)
             ... on level 5 of the Dungeon.
             The game lasted 00:10:17 (4334 turns).

xzight the Chopper (Minotaur Fighter)               Turns: 4334, Time: 00:10:18

Health: -2/70      AC:  7    Str: 24    XL:     8   Next: 11%
Magic:  7/7        EV:  8    Int:  5    God:    Makhleb [......]
Gold:   159        SH: 10    Dex:  9    Spells: 7/7 levels left

rFire    . . .     SeeInvis .   a - +0 war axe
rCold    . . .     Faith    .   c - +0 kite shield
rNeg     . . .     Spirit   .   b - +0 scale mail
rPois    .         Reflect  .   (helmet restricted)
rElec    .         Harm     .   (no cloak)
rCorr    .         Rampage  .   (no gloves)
Will     .....                  (no boots)
Stlth    ..........             (no amulet)
HPRegen  0.21/turn              (no ring)
MPRegen  0.10/turn              (no ring)

@: mighty
A: retaliatory headbutt, horns 2
a: Renounce Religion


You were on level 5 of the Dungeon.
You worshipped Makhleb.
Makhleb was noncommittal.
You visited 1 branch of the dungeon, and saw 5 of its levels.

You collected 159 gold pieces.


Innate Abilities, Weirdness & Mutations

You reflexively headbutt those who attack you in melee.
You have a pair of horns on your head.


   Skills:
 + Level 6.2 Fighting
 * Level 7.6 Axes
 + Level 6.3 Armour
 + Level 6.2 Shields


You had 7 spell levels left.
You didn't know any spells.
Your spell library was empty.

Inventory:

Hand Weapons
 a - a +0 war axe (weapon)
Armour
 b - a +0 scale mail (worn)
 c - a +0 kite shield (worn)
Magical Staves
 v - an uncursed staff of death {!a, unknown}
Wands
 o - a wand of paralysis (1)
 r - a wand of random effects (13)
 s - a wand of disintegration (11)
Scrolls
 e - 2 scrolls of teleportation {@r4}
 f - a scroll of noise {!r}
 g - 3 scrolls of enchant weapon {unknown}
 h - 3 scrolls of remove curse {unknown}
 i - a scroll of blinking {unknown}
 j - a scroll of fog {unknown}
 k - 4 scrolls of identify {unknown}
 n - a scroll of amnesia {unknown}
Potions
 l - 3 potions of curing {unknown}
 m - a potion of flight {unknown}
 p - a potion of magic {unknown}
 q - a potion of lignification {unknown}
 t - a potion of invisibility
 u - a potion of haste {unknown}

Dungeon Overview and Level Annotations

Branches:
Dungeon (5/15)             Temple (0/1) D:4

Altars:
Makhleb

Annotations:
D:5 3 runed translucent doors, lordvenom1's ghost, novice DgFE

...........▒.▒ ▒
...........▒..▒ .▒▒
..>........▒...▒ ▒..
...........▒▒... ▒.▒
...........▒▒▒..▒..▒▒
...........▒▒'▒▒)▒▒'▒▒
##.........▒....)....▒
.#......<..▒.8.)8..8.▒
...........▒....@....▒
.....##....▒▒▒▒▒Z▒▒▒▒▒
.....##..........#
................##
###..##.....#####
#........##
##....###.# ##....##
#.# ...>#..###.#


You could see a hornet zombie.


Message History

You slice the white imp!!
You kill the white imp!
Makhleb accepts your kill.
You slash the hornet zombie!
The hornet zombie is lightly damaged.
The hornet zombie hits you but does no damage.
The hornet zombie barely misses you.
You slash the hornet zombie! You headbutt the hornet zombie.
The hornet zombie is heavily damaged.
The hornet zombie barely misses you.
You closely miss the hornet zombie.
The hornet zombie is heavily damaged.
The hornet zombie closely misses you. The hornet zombie barely misses you.
You furiously retaliate!
You headbutt the hornet zombie. You slash the hornet zombie!
The hornet zombie is severely damaged.
The hornet zombie hits you.
* * * LOW HITPOINT WARNING * * *
You block the hornet zombie's attack.
You closely miss the hornet zombie.
The hornet zombie is severely damaged.
You block the hornet zombie's attack.
You completely miss the hornet zombie.
The hornet zombie is severely damaged.
You block the hornet zombie's attack.
The hornet zombie hits you but does no damage.
You hit the hornet zombie.
The hornet zombie is severely damaged.
The hornet zombie hits you!
You die...

Skill      XL: |  1  2  3  4  5  6  7 |
---------------+----------------------+-----
Axes           | 3 4 5 6 7 |  7.6
Armour         | 4 5 6 |  6.3
Shields        | 4 5 6 |  6.2
Fighting       | 4 5 6 |  6.2

Action                   |  1- 3 |  4- 6 |  7- 9 || total
-------------------------+-------+-------+-------++-------
Melee: War axe           |    80 |   155 |    85 ||   320
       Headbutt          |    11 |    25 |    19 ||    55
  Use: Scroll            |       |       |     2 ||     2
       Potion            |       |       |     1 ||     1
Armor: Scale mail        |    26 |    56 |    27 ||   109
Dodge: Dodged            |    20 |    42 |    22 ||    84
Block: Kite shield       |    36 |    73 |    39 ||   148

Levels and vault maps discovered:
D:1:      nicolae_arrival_kraken_aquarium_b, layout_basic, grunt_decor_fettered
D:2:      layout_loops_cross, uniq_sigmund, uniq_robin
D:3:      layout_loops_ring, chequers_ecumenical_altar_grove,
          kennysheep_pointless_box, uniq_ijyb, uniq_jessica
D:4:      minmay_angry_zag, layout_rooms, minmay_temple_entry_antechambers,
          gup_sewer_entry_glass, bloody_makhleb
D:5:      minmay_chambers_of_threes, layout_rooms, ebering_ghost_rock_garden,
          serial_undead, serial_undead_b, serial_undead_d, serial_undead_d,
          serial_undead_f, serial_undead_f, serial_undead_a, serial_undead_a,
          serial_undead_a, serial_undead_c, serial_undead_e,
          lightli_church_of_beogh

Notes
Turn   | Place    | Note
-------+----------+-------------------------------------------
     0 | D:1      | xzight the Minotaur Fighter began the quest for the Orb.
     0 | D:1      | Reached XP level 1. HP: 19/19 MP: 0/0
     2 | D:1      | Noticed an elf
     2 | D:1      | Noticed a gargoyle
     2 | D:1      | Noticed a minotaur
     2 | D:1      | Noticed a formicid
     2 | D:1      | Noticed a gargoyle
     2 | D:1      | Noticed an octopode
     2 | D:1      | Noticed a human
     2 | D:1      | Noticed a kraken
     2 | D:1      | Noticed a vine stalker
     2 | D:1      | Noticed a minotaur
     2 | D:1      | Noticed a naga
     2 | D:1      | Noticed a minotaur
     2 | D:1      | Noticed an ogre
     2 | D:1      | Noticed an ogre
     2 | D:1      | Noticed a vine stalker
     3 | D:1      | Killed a gargoyle
     7 | D:1      | Killed a naga
     7 | D:1      | Killed a vine stalker
     7 | D:1      | Killed an elf
     8 | D:1      | Killed a minotaur
     9 | D:1      | Killed an octopode
     9 | D:1      | Killed a minotaur
    10 | D:1      | Killed a formicid
    11 | D:1      | Killed a gargoyle
    12 | D:1      | Killed a human
    13 | D:1      | Killed an ogre
    14 | D:1      | Killed a vine stalker
    19 | D:1      | Killed a minotaur
    24 | D:1      | Killed an ogre
   922 | D:1      | Reached XP level 2. HP: 6/27 MP: 1/1
   924 | D:1      | Reached skill level 3 in Axes
   935 | D:1      | HP: 2/27 [poisoned by an adder]
  1441 | D:2      | Reached skill level 4 in Armour
  1573 | D:2      | Reached skill level 4 in Shields
  1573 | D:2      | Reached XP level 3. HP: 33/33 MP: 2/2
  1579 | D:2      | Reached skill level 4 in Fighting
  1659 | D:2      | Noticed Sigmund
  1665 | D:2      | Killed Sigmund
  1666 | D:2      | Reached skill level 4 in Axes
  1666 | D:2      | Reached XP level 4. HP: 34/41 MP: 3/3
  1666 | D:2      | Reached XP level 5. HP: 39/47 MP: 4/4
  1732 | D:2      | Noticed Robin
  1744 | D:2      | Killed Robin
  2061 | D:3      | Noticed Ijyb
  2066 | D:3      | Paralysed by Ijyb for 5 turns
  2079 | D:3      | Killed Ijyb
  2080 | D:3      | Reached skill level 5 in Axes
  2129 | D:3      | Found a faded altar of an unknown god.
  2166 | D:3      | Reached XP level 6. HP: 55/55 MP: 5/5
  2183 | D:3      | Reached skill level 5 in Armour
  2183 | D:3      | Reached skill level 5 in Shields
  2438 | D:3      | Noticed Jessica
  2442 | D:3      | Killed Jessica
  2661 | D:3      | Reached skill level 5 in Fighting
  3109 | D:4      | Reached skill level 6 in Axes
  3363 | D:4      | Reached XP level 7. HP: 39/61 MP: 6/6
  3483 | D:4      | Found a glowing drain.
  3497 | D:4      | Found a burning altar of Makhleb.
  3508 | D:4      | Became a worshipper of Makhleb the Destroyer
  3553 | D:4      | Found a staircase to the Ecumenical Temple.
  3920 | D:5      | Entered Level 5 of the Dungeon
  4215 | D:5      | Found a runed translucent gate.
  4215 | D:5      | Found a runed translucent gate.
  4215 | D:5      | Found a runed translucent gate.
  4217 | D:5      | Noticed lordvenom1's ghost (novice DgFE)
  4221 | D:5      | Reached skill level 7 in Axes
  4221 | D:5      | Reached skill level 6 in Armour
  4268 | D:5      | Reached skill level 6 in Shields
  4277 | D:5      | Reached skill level 6 in Fighting
  4286 | D:5      | Reached XP level 8. HP: 52/70 MP: 7/7
  4331 | D:5      | HP: 7/70 [hornet zombie (3)]
  4334 | D:5      | Slain by a hornet zombie

Vanquished Creatures
  Sigmund (D:2)
  A black bear (D:5)
  2 ogres (D:4)
  2 scorpions
  2 centaur zombies (D:5)
  A jelly (D:5)
  A bullfrog zombie (D:5)
  An orc priest (D:3)
  4 orc wizards
  Jessica (D:3)
  Ijyb (D:3)
  A worker ant (D:4)
  A hound zombie (D:5)
  A worker ant zombie (D:5)
  Robin (D:2)
  4 gnolls (D:3)
  A howler monkey skeleton (D:5)
  5 adders
  A white imp (D:5)
  An ooze (D:3)
  2 adder zombies (D:5)
  A worm (D:4)
  2 leopard geckos
  11 orcs
  3 giant cockroaches
  14 goblins
  13 hobgoblins
  8 jackals
  A quokka (D:2)
  A ball python (D:3)
  6 bats (D:3)
  5 frilled lizards
  A jackal zombie (D:5)
  10 kobolds
  2 leopard gecko skeletons (D:4)
  7 rats
120 creatures vanquished.

Vanquished Creatures (others)
  3 minotaurs (D:1)
  An octopode (D:1)
  2 gargoyles (D:1)
  2 vine stalkers (D:1)
  An elf (D:1)
  A formicid (D:1)
  A human (D:1)
  A naga (D:1)
  2 ogres (D:1)
  An orc (D:1)
  13 tentacles (D:1)
  6 withered plants (D:5)
34 creatures vanquished.

Grand Total: 154 creatures vanquished

Table legend: (Time is in decaauts)
 A = Elapsed time spent in this place.
 B = Non-inter-level travel time spent in this place.
 C = Inter-level travel time spent in this place.
 D = Time resting spent in this place.
 E = Time spent auto-exploring this place.
 F = Levels seen in this place.
 G = Mean time per level.
                   A        B        C        D        E       F      G
               +--------+--------+--------+--------+--------+-----+--------+
         Total |   4434 |   4307 |    127 |   1449 |   2059 |   5 |  886.8 |
       Dungeon |   4434 |   4307 |    127 |   1449 |   2059 |   5 |  886.8 |
               +--------+--------+--------+--------+--------+-----+--------+

Top non-repeatable levels by time:
     D:1: 1223 daAuts
     D:3: 1113 daAuts
     D:4: 1032 daAuts
     D:2: 798 daAuts
     D:5: 266 daAuts

Table legend:
 A = Non-vault XP
 B = Vault XP
 C = Vault XP percentage of total XP
 D = Non-vault monster count
 E = Vault monster count
 F = Vault count percentage of total count
                 A         B        C        D         E       F
            +---------+---------+-------+---------+---------+-------
      Total |     835 |     748 |  47.3 |      89 |      31 |  25.8
            +---------+---------+-------+---------+---------+-------
        D:1 |      25 |       0 |   0.0 |       9 |       0 |   0.0
        D:2 |      29 |     252 |  89.7 |      17 |      11 |  39.3
        D:3 |     205 |      73 |  26.3 |      40 |       2 |   4.8
        D:4 |     357 |      61 |  14.6 |      13 |       5 |  27.8
        D:5 |     219 |     362 |  62.3 |      10 |      13 |  56.5
            +---------+---------+-------+---------+---------+-------
